 Dungeon Crawl Stone Soup version 0.24-a0-528-g98e85ec62a (webtiles) character file.

Game seed: 9465539662772033756

166 BinkBink the Cudgeler (level 5, -4/42 HPs)
             Began as a Demonspawn Berserker on Aug 5, 2019.
             Was a Believer of Trog.
             Slain by a bog mummy (16 damage)
             ... in an ossuary.
             The game lasted 00:05:49 (3965 turns).

BinkBink the Cudgeler (Demonspawn Berserker)        Turns: 3965, Time: 00:05:49

Health: -4/42      AC:  8    Str: 18    XL:     5   Next: 22%
Magic:  5/5        EV: 15    Int:  8    God:    Trog [**....]
Gold:   123        SH:  0    Dex: 18    Spells: 4/4 levels left

rFire    . . .     SeeInvis .   a - +0 mace
rCold    . . .     Gourm    .   (no shield)
rNeg     . . .     Faith    .   n - +0 scale mail
rPois    .         Spirit   .   (no helmet)
rElec    .         Reflect  .   (no cloak)
rCorr    .         Harm     .   (no gloves)
MR       ++...                  (no boots)
Stlth    +.........             (no amulet)
HPRegen  1.14/turn              (no ring)
MPRegen  0.09/turn              (no ring)

@: agile, regenerating, drained
A: slimy green scales 1, powered by pain 2, rot immunity
a: Berserk, Trog's Hand, Renounce Religion


You were in an ossuary.
You worshipped Trog.
Trog was pleased with you.
You were not hungry.

You visited 1 branch of the dungeon, and saw 4 of its levels.
You also visited: Ossuary.

You collected 123 gold pieces.

Inventory:

Hand Weapons
 a - a +0 mace (weapon)
 p - a +0 war axe
Armour
 b - a +0 animal skin
 n - a +0 scale mail (worn)
Wands
 q - a wand of paralysis (6)
Scrolls
 d - a scroll of immolation {unknown}
 f - a scroll of teleportation
 g - 3 scrolls of identify {unknown}
 i - a scroll of amnesia {unknown}
 j - a scroll of remove curse
 k - a scroll of blinking {unknown}
 l - a scroll of fog {unknown}
 o - a scroll of enchant weapon {unknown}
 r - a scroll of fear {unknown}
 s - a scroll of magic mapping {unknown}
Potions
 e - a potion of brilliance {unknown}
 h - a potion of flight {unknown}
 m - a potion of invisibility {unknown}
 t - a potion of cancellation {unknown}
 u - a potion of haste {unknown}
Comestibles
 c - 8 rations


   Skills:
 + Level 3.9(2.8) Fighting
 + Level 4.2(3.1) Maces & Flails
 + Level 2.4(1.4) Armour
 + Level 2.3(1.3) Dodging
 + Level 0.8(0.0) Stealth


You had 4 spell levels left.
You didn't know any spells.
Your spell library was empty.

Dungeon Overview and Level Annotations

Branches:
Dungeon (4/15)
 Temple: D:4-7

Altars:
Makhleb
Okawaru
Xom
Yredelemnul


Innate Abilities, Weirdness & Mutations

You are partially covered in slimy green scales. (AC +2)
You sometimes gain power by taking damage.
You are immune to rotting.


Message History

The bog mummy casts a spell at you. The puff of frost misses you.
The mummy closely misses you.
You hit the mummy.
The mummy is almost destroyed.
The bog mummy closely misses you. The mummy closely misses you.
The bog mummy barely misses you.
You completely miss the mummy.
The mummy is almost destroyed.
The mummy hits you!
* * * LOW HITPOINT WARNING * * *
You hit the mummy.
You destroy the mummy!
Trog accepts your kill.
The bog mummy hits you but does no damage.
The bog mummy gestures at you while chanting.
You resist with some effort.
Your skin crawls.
You feel resistant to hostile enchantments.
You feel somewhat more hungry. The bog mummy hits you!
You die...

'. #M +.
##M '.
###.#####
#.≈≈#..∩#
#≈≈M@∩.#
#P≈≈#M..#
##≈.#####
#... #≈#.
##≈. ≈# #


You could see 2 bog mummies.

Vanquished Creatures
  An orc priest (D:3)
  An orc wizard (D:3)
  A mummy (Ossuary)
  3 adders (D:2)
  4 worms
  2 dart slugs (D:2)
  3 leopard geckos (D:2)
  3 orcs (D:3)
  5 bats
  A giant cockroach (D:2)
  2 gnoll zombies (D:3)
  4 goblins
  3 hobgoblins
  4 jackals (D:2)
  7 kobolds
  A ball python (D:2)
  5 frilled lizards
  6 rats
56 creatures vanquished.

Notes
Turn   | Place    | Note
-------+----------+-------------------------------------------
     0 | D:1      | BinkBink the Demonspawn Berserker began the quest for the
                  | Orb.
     0 | D:1      | Reached XP level 1. HP: 18/18 MP: 1/1
   333 | D:1      | Reached skill level 3 in Maces & Flails
   333 | D:1      | Gained mutation: You are partially covered in slimy green
                  | scales. (AC +2) [demonic ancestry]
   333 | D:1      | Reached XP level 2. HP: 21/24 MP: 2/2
  1097 | D:2      | Found a shimmering altar of Xom.
  1102 | D:2      | Gained mutation: You sometimes gain a little power by
                  | taking damage. [demonic ancestry]
  1102 | D:2      | Reached XP level 3. HP: 14/29 MP: 3/3
  1220 | D:2      | Reached ** piety under Trog
  1963 | D:2      | Found an iron altar of Okawaru.
  2037 | D:2      | HP: 1/29 [worm (8)]
  2443 | D:2      | Gained mutation: You are immune to rotting. [demonic
                  | ancestry]
  2443 | D:2      | Reached XP level 4. HP: 34/35 MP: 4/4
  2596 | D:2      | Found a burning altar of Makhleb.
  2596 | D:2      | Noticed a blizzard demon
  3043 | D:3      | Found a basalt altar of Yredelemnul.
  3283 | D:3      | Reached skill level 4 in Maces & Flails
  3290 | D:3      | Gained mutation: You sometimes gain power by taking damage.
                  | [demonic ancestry]
  3290 | D:3      | Reached XP level 5. HP: 6/42 MP: 5/5
  3938 | D:4      | Found a sand-covered staircase.
  3945 | Ossuary  | Entered an ossuary
  3965 | Ossuary  | Slain by a bog mummy

Levels and vault maps discovered:
D:1:      kilobyte_arrival_exit_the_forest, layout_loops_ring,
          grunt_decor_fettered
D:2:      layout_basic, lemuel_coloured_pillars_altar,
          okawaru_metal_pillars_1_2, makhleb_altar_promises_db
D:3:      layout_basic, lemuel_zombie_altar_yredelemnul
D:4:      minmay_diamond_boxcup, layout_basic, kiku_gazebo_pond_becter,
          old_standard_altar, first_ration, chequers_ossuary_entry_cave
Ossuary:  ossuary_zaba_flooded

Skill      XL: |  1  2  3  4 |
---------------+-------------+-----
Maces & Flails | 3 4 |  4.2
Armour         | 2 |  2.4
Dodging        | 2 |  2.3
Fighting       | |  3.9
Stealth        | |  0.8

Action                   |  1- 3 |  4- 6 || total
-------------------------+-------+-------++-------
Melee: Mace              |   119 |    87 ||   206
Invok: Trog's Hand       |     1 |     3 ||     4
  Use: Scroll            |     2 |       ||     2
 Stab: Sleeping          |     2 |       ||     2
  Eat: Chunk             |     1 |     3 ||     4
       Ration            |     1 |     1 ||     2
Armor: Animal skin       |    20 |       ||    20
       Scale mail        |     6 |    36 ||    42
Dodge: Dodged            |    67 |    48 ||   115

Table legend:
 A = Non-vault XP
 B = Vault XP
 C = Vault XP percentage of total XP
 D = Non-vault monster count
 E = Vault monster count
 F = Vault count percentage of total count
                 A         B        C        D         E       F
            +---------+---------+-------+---------+---------+-------
      Total |     217 |      21 |   8.8 |      53 |       3 |   5.4
            +---------+---------+-------+---------+---------+-------
        D:1 |      20 |       0 |   0.0 |      13 |       0 |   0.0
        D:2 |     101 |       0 |   0.0 |      31 |       0 |   0.0
        D:3 |      96 |       3 |   3.0 |       9 |       2 |  18.2
    Ossuary |       0 |      18 | 100.0 |       0 |       1 | 100.0
            +---------+---------+-------+---------+---------+-------
